 Dungeon Crawl Stone Soup version 0.32-a0-128-g77eb882913 (webtiles) character file.

Game seed: 5634269019732782954

11 hikkokomori the Chiller (level 2, -5/23 HPs)
             Began as an Armataur Ice Elementalist on Feb 7, 2024.
             Slain by Terence
             ... wielding a +1 mace of venom
              (8 damage)
             ... on level 1 of the Dungeon.
             The game lasted 00:01:53 (1145 turns).

hikkokomori the Chiller (Armataur Ice Elementalist) Turns: 1145, Time: 00:01:53

Health: -5/23      AC:  6    Str: 19    XL:     2   Next: 17%
Magic:  3/4        EV:  7    Int: 15    God:
Gold:   100        SH:  0    Dex: 10    Spells: 3/4 levels left

rFire   . . .        e - +0 broad axe
rCold   . . .        (no shield)
rNeg    . . .        j - +0 scale mail
rPois   .            (no helmet)
rElec   .            (no cloak)
rCorr   .            (no gloves)
SInv    .            (no barding)
Will    .....        (no amulet) Stlth
                     h - +6 ring of strength
HPRegen 0.23/turn    (no ring)
MPRegen 0.09/turn

%: roll
@: mighty, lethally poisoned (-5 -> -18), very slightly contaminated
A: large, deformed body, tough skin 3, armoured tail, roll 1
a: no special abilities


You were on level 1 of the Dungeon.
You visited 1 branch of the dungeon, and saw 2 of its levels.

You collected 100 gold pieces.

Inventory:

Hand Weapons
 e - a +0 broad axe (weapon)
Armour
 a - a +0 robe
 j - a +0 scale mail (worn)
Jewellery
 g - a ring of fire
 h - a +6 ring of strength (left hand)
Scrolls
 c - a scroll of identify
 d - a scroll of poison
Potions
 b - a potion of magic
 i - a potion of curing {unknown}


   Skills:
 - Level 1.0 Fighting
 + Level 0.1 Axes
 - Level 1.3 Dodging
 - Level 2.1 Stealth
 - Level 1.7 Spellcasting
 + Level 3.9 Ice Magic


You had 3 spell levels left.
You knew the following spells:

 Your Spells              Type           Power      Damage    Failure   Level
a - Freeze                Ice            52%        1d6       14%         1

Your spell library contained the following spells:

 Spells                   Type           Power      Damage    Failure   Level
 Frozen Ramparts          Ice            26%        1d4       41%         3
 Ozocubu's Armour         Ice            13%        N/A       41%         3
 Summon Ice Beast         Ice/Summ       7%         N/A       69%         3


Dungeon Overview and Level Annotations

Branches:
Dungeon (2/15)

Altars:

Annotations:
D:1 Terence


Innate Abilities, Weirdness & Mutations

Armour fits poorly on your strangely shaped body.
You have extremely tough skin. (AC +3)
You have a long armoured tail.
You regenerate magic when rolling toward enemies. (Rampage MPRegen)


Message History

A kobold comes into view. It is wielding a +0 dagger.
There is an escape hatch in the ceiling here.
The kobold shouts!
The kobold throws a stone.
The stone hits you.
A ball python comes into view.
The ball python hisses angrily.
Terence closely misses you. A mysterious force pulls you upwards.
The hatch slams shut behind you.
Casting: Freeze (safe; 14% risk of failure)
Confirm with . or Enter, or press ? or * to list all spells.
Aiming: Freeze (safe; 14% risk of failure)
Press: ? - help, Shift-Dir - straight line, f - Terence
Aim: Terence, wielding a +1 mace of venom and wearing a +0 scale mail of fire resistance You miscast Freeze.
You are very lightly contaminated with residual magic.
Nothing appears to happen.
Terence hits you with a +1 mace of venom.
You are poisoned.
Unknown command.
Unknown command.
Okay, then.
As you read the scroll labelled IREL TESEZ ROE, it crumbles to dust.
It is a scroll of identify.
d - a scroll of poison You feel very sick.
Terence hits you with a +1 mace of venom.
You are lethally poisoned!
It was a potion of might.
You feel very mighty all of a sudden.
You feel very sick.
Terence hits you with a +1 mace of venom.
You are more poisoned.
You barely miss Terence.
* * * LOW HITPOINT WARNING * * *
You feel extremely sick. Terence says, "How do you enjoy it?"
Terence completely misses you.
Terence hits you with a +1 mace of venom!
You die...
Terence says, "Rest in peace."

#..#.##..###.# #.# #....'....#
#.....)..# #.# #.# #...##...##
##..####.# #.# #.# #...#....#.
##.# #.# #.####.# #...#....#.
#.# #.# #......# #...#....#.
#.# #.# #####..### #...##...##
#.####.# #....# #....+....#
#.##...#######.##.# ##...##....
#.#.###.......@##.# #....##...
#..## ##.####@.##.# ##....###.
#..# #.####..##.######.....##
#..## ##..........##...##......
#.#.###.#####..#####.#######...
#..รท...## #..# #.# ###.####
#####.## #..#####.###......#
#.# #..........#.#.#### #.#
#........#.#.#.##..


You could see Terence.

Vanquished Creatures
  A giant cockroach (D:1)
  2 hobgoblins (D:1)
  A ball python (D:2)
  2 bats (D:1)
  3 frilled lizards
  A kobold (D:1)
  3 rats
13 creatures vanquished.

Notes
Turn   | Place    | Note
-------+----------+-------------------------------------------
     0 | D:1      | hikkokomori the Armataur Ice Elementalist began the quest
                  | for the Orb.
     0 | D:1      | Reached XP level 1. HP: 14/14 MP: 3/3
   636 | D:1      | Reached skill level 1 in Fighting
   636 | D:1      | Reached XP level 2. HP: 23/23 MP: 4/4
  1135 | D:2      | Noticed Terence
  1145 | D:1      | Slain by Terence

Illustrated notes

Levels and vault maps discovered:
D:1:      dpeg_arrival_circle_labyrinth_a, layout_loops_ring
D:2:      layout_basic, ebering_ecumenical_altar_box, basic_altar, serial_shops,
          shop, uniq_terence

Skill      XL: |  1 |
---------------+----+-----
Fighting       | 1 |  1.0
Axes           | |  0.1
Dodging        | |  1.3
Stealth        | |  2.1
Spellcasting   | |  1.7
Ice Magic      | |  3.9

Action                     || total
---------------------------++-------
  Melee: Broad axe         ||    43
         Tailslap          ||     3
         Punch             ||     3
    Use: Scroll            ||     1
         Potion            ||     1
   Stab: Sleeping          ||     1
 Armour: Robe              ||    26
         Scale mail        ||     6
  Dodge: Dodged            ||    29

Table legend: (Time is in decaauts)
 A = Elapsed time spent in this place.
 B = Non-inter-level travel time spent in this place.
 C = Inter-level travel time spent in this place.
 D = Time resting spent in this place.
 E = Time spent auto-exploring this place.
 F = Levels seen in this place.
 G = Mean time per level.
                   A        B        C        D        E       F      G
               +--------+--------+--------+--------+--------+-----+--------+
         Total |   1168 |   1042 |    126 |      0 |    892 |   2 |  584.0 |
       Dungeon |   1168 |   1042 |    126 |      0 |    892 |   2 |  584.0 |
               +--------+--------+--------+--------+--------+-----+--------+

Top non-repeatable levels by time:
     D:1: 1073 daAuts
     D:2: 95 daAuts
